Cogmind - Beta 14 @@@ ROGUE MODE // 2024.09.18 @ 20:51:58 Player: x1123581321345589144233 Result: Destroyed by Y-45 Defender with Backup Laser I Performance ------------- Evolutions (1) 500 Regions Visited (2) 400 Robots Destroyed (15) 75 Value Destroyed (381) 381 Prototype IDs (0) 0 Alien Tech Used (0) 0 Bonus (0) 0 TOTAL SCORE: 1356 Bonus ------- None Cogmind --------- Core Integrity 0/400 Matter 450/450 Energy 54/100 System Corruption 0% Temperature Cool (9) Movement Core (200) Ox3 Location -9/Materials Parts ------- > --- POWER (1) -------- (None) > --- PROPULSION (2) --- (None) > --- UTILITY (3) ------ Compact Matter Pod ECM Suite Field Recycling Unit > --- WEAPON (3) ------- (None) > --- INVENTORY (5) ---- Wheel Wheel Terrain Scan Processor Tractor Beam Peak State ------------ > --- POWER ------------ Light Nuclear Core > --- PROPULSION ------- Compact Wheel Armored Wheel > --- UTILITY ---------- Compact Matter Pod ECM Suite Field Recycling Unit > --- WEAPON ----------- Assault Rifle Assault Rifle Grenade Launcher > --- INVENTORY -------- Light Ion Engine Wheel Wheel Terrain Scan Processor Tractor Beam [Rating: 15] Favorites ----------- Power Light Nuclear Core Engine Light Ion Engine Power Core Light Nuclear Core Propulsion Compact Wheel Wheel Compact Wheel Utility ECM Suite Device ECM Suite Storage Medium Matter Pod Weapon Assault Rifle Energy Gun Small Laser Ballistic Gun Assault Rifle Launcher Grenade Launcher Special Weapon Mining Laser Build | -11 -10 -9 ------- Run | Yrd Mat Mat Slots Evolved 2 | . . 2 Power . | . . . Propulsion . | . . . Utility 1 | . . 1 Weapon 1 | . . 1 Parts Attached 23 | 6 6 11 Power 3 | 1 1 1 Engine 2 | 1 . 1 Core 1 | . 1 . Reactor . | . . . Propulsion 3 | 2 . 1 Treads . | . . . Leg . | . . . Wheel 3 | 2 . 1 Hover . | . . . Flight . | . . . Utility 8 | 1 3 4 Device 5 | . 2 3 Storage 3 | 1 1 1 Processor . | . . . Hackware . | . . . Protection . | . . . Artifact . | . . . Weapon 9 | 2 2 5 Energy Gun 2 | 2 . . Energy Cannon . | . . . Ballistic Gun 2 | . 2 . Ballistic Cannon . | . . . Launcher 1 | . . 1 Special Weapon 4 | . . 4 Impact Weapon . | . . . Slashing Weapon . | . . . Piercing Weapon . | . . . Special Melee Weapon . | . . . Unidentified Prototypes . | . . . Parts Lost 11 | . . 11 Power 2 | . . 2 Propulsion 2 | . . 2 Utility . | . . . Weapon 7 | . . 7 Highest Loss Streak 11 | . . 11 To Critical Strikes . | . . . Average Slot Usage (%) 94 | . 98 90 Engine 3 | . 5 . Core 8 | . 8 8 Wheel 23 | . 28 20 Device 18 | . 14 22 Storage 11 | . 12 11 Energy Gun 1 | . 2 . Ballistic Gun 21 | . 25 17 Launcher 4 | . . 8 Peak Build Rating 15 | 6 9 15 Average Rating 9 | 4 8 12 On Entrance 5 | . 6 9 Naked Turns . | . . . Heaviest Build 24 | 10 14 24 Greatest Support 28 | 26 26 28 Greatest Overweight (x) 1 | 1 . 1 Average Overweight (x) . | . . . Largest Inventory Capacity 8 | 8 8 5 Average Capacity 5 | 7 5 5 Most Carried 5 | 2 5 5 Average Carried 4 | . 4 4 Final Capacity 8 | 8 5 5 Final Carried 5 | 2 5 4 Class Distribution -------------------- 63% | Mutant 36% | Gunner Dominant Class ---------------- Mutant | -10/Materials Gunner | -9/Materials Resources | -11 -10 -9 ----------- Run | Yrd Mat Mat Matter Collected 549 | 212 300 37 Remotely 300 | . 300 . Salvage Created 471 | . 300 171 Parts 32 | . 22 10 Haulers Intercepted 1 | . 1 . Recyclers Shooed . | . . . Parts Field Recycled 25 | . . 25 Retrieved Matter 224 | . . 224 Parts Self-Destructed . | . . . Prevented . | . . . Kills | -11 -10 -9 ------- Run | Yrd Mat Mat Combat Hostiles Destroyed 12 | . 7 5 Guns 9 | . 7 2 Cannons 1 | . . 1 AOE 2 | . . 2 Classes Destroyed 6 | . 4 2 Worker 1 | . . 1 Builder 1 | . 1 . Hauler 1 | . 1 . Swarmer 3 | . 3 . Grunt 8 | . 4 4 Sentry 1 | . . 1 Best Kill Streak 4 | . 4 3 Combat Bots Only 3 | . 3 2 Max Kills in Single Turn 2 | . 2 1 Gunslinging 1 | . 1 . Exploded 1 | . . 1 Melee . | . . . Uniques/NPCs Destroyed . | . . . Combat | -11 -10 -9 -------- Run | Yrd Mat Mat Hostile Shots Fired 134 | . 37 97 Missed 40 | . 17 23 Damage Taken 1284 | . 251 1033 Core 486 | . 80 406 Absorbed by Shields . | . . . Core Remaining (%) 84 | 100 68 . Volleys Fired 49 | . 24 25 Largest 2 | . 2 2 Hottest 200 | . 40 200 Shots Fired 83 | . 48 35 Gun 73 | . 48 25 Cannon . | . . . Launcher 4 | . . 4 Special 6 | . . 6 Kinetic 73 | . 48 25 Thermal 6 | . . 6 Explosive 4 | . . 4 Electromagnetic . | . . . Robot Hit Streak 6 | . 5 6 Robot Miss Streak 4 | . 4 2 Penetration Max . | . . . Secondary Targets 1 | . 1 . Max Gunslinging Chain 1 | . 1 . Shots Hit Robots 48 | . 27 21 Core Hits 31 | . 12 19 Critical Kills . | . . . Critical Parts Destroyed . | . . . Critical Strikes . | . . . Melee Attacks . | . . . Impact . | . . . Slashing . | . . . Piercing . | . . . Sneak Attacks . | . . . Combat Hostiles . | . . . Follow-up Attacks . | . . . Damage Inflicted 890 | . 373 517 Guns 585 | . 368 217 Cannons . | . . . Explosions 216 | . . 216 Melee . | . . . Ramming 17 | . 5 12 Kinetic 585 | . 368 217 Thermal 72 | . . 72 Explosive 216 | . . 216 Electromagnetic . | . . . Impact . | . . . Slashing . | . . . Piercing . | . . . Highest Corruption . | . . . Average Corruption . | . . . Corruption Purged . | . . . Corruption Blocked . | . . . Overload Shots . | . . . Overflow Damage . | . . . Projectiles . | . . . Explosions . | . . . Melee . | . . . Knockbacks . | . . . Impact . | . . . Kinetic . | . . . Secondary . | . . . Self-Inflicted Damage 5 | . 1 4 Shots . | . . . Rammed 9 | . 3 6 Targets Rammed 9 | . 3 6 Kicked . | . . . Crushed . | . . . Highest Temperature 53 | . 8 53 Average Temperature 16 | . 3 18 Received Heat Transfer 507 | . 114 393 Siege Activations . | . . . Robots Corrupted . | . . . Combat Hostiles . | . . . Parts Fried . | . . . Impact Corruptions . | . . . Robots Melted . | . . . Combat Hostiles . | . . . Parts Melted . | . . . Heat Transferred 150 | . . 150 Parts Sabotaged . | . . . Parts Stolen . | . . . Parts Stripped . | . . . Power Chain Reactions . | . . . Alert | -11 -10 -9 ------- Run | Yrd Mat Mat Peak Influence 220 | . 199 220 Initial 83 | . . 83 Average 110 | . 81 152 Maximum Alert Level 1 | . . 1 Low Security (%) 93 | 100 100 86 Level 1 6 | . . 13 Level 2 . | . . . Level 3 . | . . . Level 4 . | . . . Level 5 . | . . . High Security . | . . . Max Security . | . . . Squads Dispatched 4 | . 2 2 Investigation 1 | . . 1 Extermination . | . . . Reinforcement 3 | . 2 1 Assault . | . . . Garrison . | . . . Intercept . | . . . Searches Triggered . | . . . Construction Impeded . | . . . Haulers Reinforced . | . . . Active Scanning Responses . | . . . Cargo Convoy Interrupts . | . . . Stealth | -11 -10 -9 --------- Run | Yrd Mat Mat Distress Signals 2 | . 2 . Communications Jammed . | . . . Distress Signals . | . . . Times Spotted 22 | . 11 11 Peak Tracking Total 5 | . 4 5 Tactical Retreats 1 | . 1 . Traps | -11 -10 -9 ------- Run | Yrd Mat Mat Traps Triggered 1 | . . 1 Indirectly . | . . . Trap Hack Attempts . | . . . Triggered . | . . . Disarmed . | . . . Reprogrammed . | . . . Reused . | . . . Traps Extracted . | . . . Installed . | . . . Triggered . | . . . Machines | -11 -10 -9 ---------- Run | Yrd Mat Mat Machines Disabled 1 | . . 1 Max in Single Turn 1 | . . 1 Machines Repaired . | . . . Machines Dismantled . | . . . Machines Sabotaged . | . . . Overloaded Fab Kills . | . . . Hacking | -11 -10 -9 --------- Run | Yrd Mat Mat Machines Accessed 5 | . 3 2 Terminals 5 | . 3 2 Fabricators . | . . . Repair Stations . | . . . Recycling Units . | . . . Scanalyzers . | . . . Garrison Access . | . . . Total Hacks 16 | . 11 5 Successful 12 | . 9 3 Failed 4 | . 2 2 Catastrophic . | . . . Database Lockouts . | . . . Manual . | . . . Terminals 16 | . 11 5 Fabricators . | . . . Repair Stations . | . . . Recycling Units . | . . . Scanalyzers . | . . . Garrison Access . | . . . Terminal Hacks 12 | . 9 3 Record 9 | . 7 2 Alert Level 2 | . 1 1 Zone Layout 1 | . 1 . Fabricator Hacks . | . . . Repair Station Hacks . | . . . Recycling Unit Hacks . | . . . Scanalyzer . | . . . Garrison Access Hacks . | . . . Unauthorized Hacks . | . . . Terminals . | . . . Fabricators . | . . . Repair Stations . | . . . Recycling Units . | . . . Scanalyzers . | . . . Garrison Access . | . . . Data Cores Recovered . | . . . Used . | . . . Hacking Detections 1 | . . 1 Full Trace Events . | . . . Feedback Events . | . . . Feedback Blocked . | . . . Robot Schematics Acquired . | . . . Robots Built . | . . . Authchips . | . . . Time . | . . . Total Robot Build Rating . | . . . Part Schematics Acquired . | . . . Parts Built . | . . . Authchips . | . . . Time . | . . . Total Part Build Rating . | . . . Parts Repaired . | . . . Time . | . . . Parts Recycled . | . . . Recycled Matter . | . . . Retrieved Matter . | . . . Retrieved Components . | . . . Parts Scanalyzed . | . . . Part Schematics Acquired . | . . . Parts Damaged . | . . . Bothacking | -11 -10 -9 ------------ Run | Yrd Mat Mat Used RIF Installer . | . . . Robots Hacked . | . . . Non-combat . | . . . Combat . | . . . Robot Hacks Applied . | . . . Relay Couplers Released . | . . . Fabnet Peak Effective % . | . . . Robots Rewired . | . . . Allies Hacked . | . . . Hacks Repelled . | . . . Allies | -11 -10 -9 -------- Run | Yrd Mat Mat Total Allies . | . . . Largest Group . | . . . Highest-Rated Group . | . . . Highest-Rated Ally . | . . . Total Orders . | . . . Ally Attacks . | . . . Total Damage . | . . . Kills . | . . . Allies Corrupted . | . . . Allies Melted . | . . . Intel | -11 -10 -9 ------- Run | Yrd Mat Mat Robot Analysis Total . | . . . Derelict Logs Recovered . | . . . Drone Launches . | . . . Drone Recoveries . | . . . Exploration | -11 -10 -9 ------------- Run | Yrd Mat Mat Turns Passed 698 | 48 312 338 Spaces Moved 519 | 41 239 239 Core 4 | 4 . . Treads . | . . . Legs . | . . . Wheels 515 | 37 239 239 Hover . | . . . Flight . | . . . Fastest Speed 50 | 50 90 90 Average Speed 91 | 88 90 92 Slowest Speed 105 | 100 90 105 Overloaded Moves . | . . . Propulsion Burnouts . | . . . Robots Hopped . | . . . Cave-ins Triggered . | . . . Exploration Rate (%) 23 | 3 46 20 Regions Visited 2 Branch Regions . Pre-discovered Areas . | . . . Known Exits Taken . | . . . Unknown Exits Taken 2 | 1 1 . Scrap Searched . | . . . Spaces Dug . | . . . Terrain Destroyed 22 | . . 22 Melee . | . . . Projectile . | . . . AOE 22 | . . 22 Terrain Rammed . | . . . Walls Destroyed . | . . . Machines Disabled . | . . . Actions | -11 -10 -9 --------- Run | Yrd Mat Mat Total 646 | 49 290 307 Wait 26 | . 4 22 Move 517 | 40 238 239 Hop . | . . . Pick Up 9 | 3 5 1 Fast Attach 13 | 5 4 4 Attach 7 | 1 1 5 Detach 6 | . 4 2 Swap 3 | . 1 2 Drop 7 | . 6 1 Fire 49 | . 24 25 Melee . | . . . Ram 9 | . 3 6 Kick . | . . . Crush . | . . . Escape Stasis . | . . . Rewire . | . . . Trap . | . . . Miscellaneous . | . . . Route ------- -11/Scrapyard -10/Materials (discovered 2 exits: *Mat / [*Min]) -9/Materials (discovered 1 exit: [*Min]) History --------- Turn | Location | Event 21 | -11/Scrapyard | Discovered new exit (range 15) 49 | -11/Scrapyard | Entered Materials 105 | -10/Materials | Discovered new exit (range 16) 301 | -10/Materials | Build established: Mutant 328 | -10/Materials | Discovered new exit (range 6) 361 | -10/Materials | Entered another Materials area 361 | -9/Materials | Evolved 2 slots: Utility x1, Weapon x1 610 | -9/Materials | Discovered new exit (range 12) 667 | -9/Materials | Core integrity fell below 50% 685 | -9/Materials | Core integrity fell below 20% 699 | -9/Materials | Destroyed by Y-45 Defender with Backup Laser I Last Messages --------------- Mining Laser destroyed. K-01 Serf collects debris. Acquired 21 matter. M-13 Machinist fits Backup Laser I on Y-45 Defender. Acquired Mining Laser. K-01 Serf collects debris. Acquired Mining Laser. K-01 Serf collects debris. Mining Laser destroyed. K-01 Serf collects debris. Mining Laser destroyed. R-06 Scavenger destroyed. Slammed into Y-45 Defender. Destabilizing: Core damaged (-4). Slammed into Y-45 Defender. K-01 Serf collects debris. Slammed into Y-45 Defender. Arm. Wheel destroyed. Slammed into Y-45 Defender. Map ----- +----------------------------------------------------+ | ?# """ # # #????????????????????????? | | ?# # = # #????????????????????????? | | ## # % # #????????????????????????? | | # "T" # %# #????????????????????????? | | # """ # %*# #????????????????????????? | | # ! # + #????????????????????????? | | ###+###### # #????????????????????????? | | #?# #????# ###########????????????????????????? | | #?# #???## ##?????????????????????????????????? | | #### ##### #?????????????????????????????????? | | T #?????????????????????????????????? | | "" #?????????????????????????????????? | | #?????????????????????????????????? | | ########## % #?????????????????????????????????? | | ?????????##### #?????????????????????????????????? | | ?????????????# #?????????????????????????????????? | | ?????????????# #?????????????????????????????????? | | ?????????????# #?????????????????????????????????? | | ?????????????# #?????????????????????????????????? | | ?????????????# #????????????????????"????????????? | | ?????????????# #?????????????????? ????????????? | | ????????????## ####???#########?? ??????????????? | | ????????????# ##### ##+#####+#?????????? | | ????????????# k u "?????????? | | ???????????## m !* g "T????????? | | ???????????## Y@Y =%!gr ????????? | | ???????????## ##### % ####???????????????? | | ???????????# ##???# % #??????????????????? | | ???????????### #???#" " "#??????????????????? | | ???????????? ##???#########??????????????????? | | ??????????? #???????????????????????????????? | | ?????????? #???????????????????????????????? | | ?????????##+######???????????????????????????????? | | ?????????????????????????????????????????????????? | | ?????????????????????????????????????????????????? | | ?????????????????????????????????????????????????? | | ?????????????????????????????????????????????????? | | ?????????????????????????????????????????????????? | | ?????????????????????????????????????????????????? | | ?????????????????????????????????????????????????? | | ?????????????????????????????????????????????????? | | ?????????????????????????????????????????????????? | | ?????????????????????????????????????????????????? | | ?????????????????????????????????????????????????? | | ?????????????????????????????????????????????????? | | ?????????????????????????????????????????????????? | | ?????????????????????????????????????????????????? | | ?????????????????????????????????????????????????? | | ?????????????????????????????????????????????????? | | ?????????????????????????????????????????????????? | +----------------------------------------------------+ Best States ------------- Heat Dissipation 28 Energy Generation 14 Energy Capacity 160 Matter Stores 450 Matter Capacity 450 Sight Range 16 Terrain Scan Density 10 ECM Strength 1 Evasion (%) 42 Item Schematics ----------------- None Robot Schematics ------------------ None Fabricated ------------ Nothing Alien Tech Used ----------------- None Achievements -------------- None Challenges ------------ None Game ------ Seed RagnarokComponentGravjet Manual? 0 Play Time 00:14:28 Cumulative 3.1 hours Start 2024.09.18 @ 20:37:47 End 2024.09.18 @ 20:51:58 Sessions 1 Manual Loads 0 Difficulty Rogue Special Mode None Game No. 7 Rogue 7 Adventurer 0 Explorer 0 Win Type - Total 0 Types 0/0/0/0/0/0/0/0/0 Lore% 1 Gallery% 7 Achievement% 8 Wizard Run 0 Options --------- Layout 1 ASCII 0 Keyboard 1 Movement Numpad Keybinds 0 Fullscreen 1 Font 24/Smallcaps Map View 50x35 Zoom Use 0% Tactical HUD 0 Map Filters NONE Filters NONE Steam 1 RUN: acfca7a9-3d62-46b9-8ab7-8a9a2d747a87